Map: Crête de Lerilak

Players

zidar - Winner!

  • Race: Zerg Zerg
  • League: Silver
  • Spawn Location: 1:00

Attalis

  • Race: Protoss Protoss
  • League: Silver
  • Spawn Location: 11:00

VOD

Have the link to the VOD?

Description

Time

  • Played on: Feb. 10, 2016, 3:27 p.m.
  • Length: 14:31
Show
View Real Time Build Order
Export as new Build Order

zidar Zerg - Winner!

Build Orders: Pool First 

Get SALT Encoding   

  12  0:02  Drone  
  13  0:12  Overlord  
  13  0:17  Drone  
  14  0:30  Drone x2  
  14  0:34  Drone  
  17  0:51  Spawning Pool, Drone  
  17  1:14  Hatchery  
  17  1:15  Drone  
  17  1:19  Extractor  
  17  1:21  Drone  
  17  1:37  Queen  
  17  1:39  Drone  
  20  1:45  Overlord  
  20  1:50  Drone  
  21  1:57  Drone  
  22  2:23  Queen  
  24  2:38  Drone x5  
  24  2:43  Metabolic Boost  
  29  2:48  Roach Warren  
  28  2:55  Spore Crawler  
  27  2:59  Spore Crawler  
  27  3:04  Queen  
  28  3:14  Queen  
  30  3:26  Zergling x2  
  30  3:27  Zergling x6  
  34  3:51  Drone x2  
  34  3:53  Overlord x3  
  35  4:20  Lair  
  35  4:23  Extractor  
  34  4:25  Extractor  
  34  4:27  Extractor  
  32  4:59  Drone x9  
  45  5:00  Drone x4  
  45  5:21  Hydralisk Den  
  45  5:22  Hatchery  
  43  5:31  Evolution Chamber  
  43  5:34  Evolution Chamber  
  41  5:47  Drone x7  
  48  5:52  Hydralisk x2  
  48  6:44  Hydralisk  
  48  6:45  Hydralisk x4  
  58  6:51  Extractor  
  57  7:06  Overlord x3  
  57  7:07  Overlord  
  57  7:22  Pneumatized Carapace  
  57  7:26  Overseer  
  57  7:35  Drone  
  57  7:36  Drone x16  
  74  7:39  Overlord  
  74  7:40  Overlord x2  
  74  7:45  Glial Reconstitution, Muscular Augments  
  74  7:47  Zerg Ground Armor Level 1  
  74  7:48  Zerg Melee Weapons Level 1  
  72  8:38  Roach x12  
  72  8:39  Hydralisk x4  
  104  8:43  Overlord x3  
  104  8:44  Overlord  
  104  8:50  Extractor x2  
  102  9:23  Infestation Pit  
  101  9:30  Roach  
  101  9:31  Hydralisk x2, Roach x6  
  115  9:32  Hydralisk x9  
  137  9:51  Zerg Ground Armor Level 2  
  137  10:01  Hive  
  137  10:05  Overlord x2  
  137  10:30  Spire  
  136  10:42  Hatchery  
  136  10:52  Hatchery  
  135  11:00  Overlord x2  
  135  11:01  Overlord x2  
  135  11:20  Viper x2  
  135  11:21  Viper  
  144  11:48  Corruptor x3  
  144  11:49  Corruptor x2  
  144  11:50  Corruptor x3  
  144  11:51  Corruptor x4  
  168  12:34  Roach  
  168  12:36  Roach x6  
  184  12:37  Roach  
  184  12:41  Overlord x4  
  184  12:42  Overlord  
  184  13:14  Hydralisk x4  
  184  13:16  Roach x3  
Show
View Real Time Build Order
Export as new Build Order

Attalis Protoss 

Build Orders: Phoenix Opening 

Get SALT Encoding   

  12  0:01  Probe (Chrono Boost)  
  13  0:11  Probe (Chrono Boost)  
  14  0:21  Pylon  
  14  0:26  Probe (Chrono Boost)  
  15  0:31  Assimilator  
  15  0:39  Probe (Chrono Boost)  
  16  0:45  Gateway  
  16  0:54  Probe (Chrono Boost)  
  17  0:59  Assimilator  
  17  1:05  Probe (Chrono Boost)  
  18  1:16  Probe (Chrono Boost)  
  19  1:26  Probe (Chrono Boost)  
  20  1:33  Pylon  
  20  1:37  Probe (Chrono Boost)  
  21  1:43  Cybernetics Core  
  21  1:47  Pylon  
  21  1:50  Probe (Chrono Boost)  
  22  2:12  Gateway  
  22  2:13  Zealot  
  24  2:19  Probe (Chrono Boost)  
  25  2:30  Mothership Core (Chrono Boost)  
  27  2:40  Adept  
  29  2:48  Stargate  
  29  2:51  Stargate  
  29  2:55  Probe (Chrono Boost)  
  30  3:01  Adept  
  32  3:07  Adept  
  34  3:30  Adept  
  34  3:33  Gateway  
  36  3:34  Adept  
  36  3:36  Pylon  
  38  3:54  Phoenix  
  40  4:02  Warp Gate  
  40  4:07  Void Ray  
  44  4:35  Pylon  
  44  4:53  Void Ray  
  48  5:03  Pylon  
  48  5:06  Adept x3  
  54  5:13  Nexus  
  54  5:29  Pylon  
  54  5:38  Assimilator  
  54  5:41  Pylon  
  54  5:58  Probe (Chrono Boost)  
  55  6:04  Void Ray  
  55  6:08  Probe (Chrono Boost)  
  60  6:19  Probe (Chrono Boost)  
  61  7:10  Probe (Chrono Boost)  
  61  7:11  Probe (Chrono Boost)  
  61  7:13  Fleet Beacon  
  63  7:19  Gateway  
  63  7:20  Gateway, Probe (Chrono Boost)  
  63  7:22  Probe (Chrono Boost)  
  65  7:29  Twilight Council  
  65  7:31  Probe (Chrono Boost)  
  65  7:33  Probe (Chrono Boost)  
  65  7:35  Mothership  
  65  7:36  Pylon  
  67  7:41  Probe (Chrono Boost)  
  67  7:43  Probe (Chrono Boost)  
  69  7:47  Adept x2  
  69  7:48  Adept  
  75  7:52  Probe (Chrono Boost)  
  75  7:54  Probe (Chrono Boost)  
  77  8:02  Probe (Chrono Boost)  
  90  8:24  Resonating Glaives  
  88  8:31  Forge  
  88  8:32  Carrier  
  84  8:35  Probe (Chrono Boost)  
  85  8:46  Probe (Chrono Boost)  
  86  8:56  Probe (Chrono Boost)  
  87  9:07  Probe (Chrono Boost)  
  88  9:13  Adept x2  
  88  9:14  Adept  
  88  9:16  Protoss Ground Weapons Level 1  
  94  9:22  Probe (Chrono Boost)  
  95  9:26  Probe (Chrono Boost)  
  96  9:33  Probe (Chrono Boost)  
  96  9:37  Probe (Chrono Boost)  
  98  9:52  Pylon  
  104  10:23  Tempest  
  108  10:31  Carrier, Nexus  
  108  10:34  Pylon  
  108  10:48  Adept  
  110  10:59  Pylon  
  110  11:06  Photon Cannon  
  110  11:10  Assimilator  
  110  11:11  Probe (Chrono Boost)  
  110  11:12  Probe (Chrono Boost)  
  110  11:14  Assimilator  
  112  11:22  Probe x2 (Chrono Boost)  
  114  11:28  Assimilator  
  115  11:33  Probe (Chrono Boost)  
  121  11:55  Carrier  
  121  11:59  Probe (Chrono Boost)  
  129  12:01  Probe x2 (Chrono Boost)  
  130  12:10  Probe (Chrono Boost)  
  130  12:11  Adept  
  130  12:12  Probe (Chrono Boost), Adept x2  
  138  12:16  Protoss Air Weapons Level 1  
  138  12:17  Carrier  
  138  12:20  Probe (Chrono Boost)  
  139  12:31  Probe (Chrono Boost)  
  140  12:56  Nexus  
  140  12:57  Pylon  
  140  13:02  Pylon  
  140  13:04  Probe (Chrono Boost), Pylon  
  141  13:14  Graviton Catapult  
  141  13:15  Probe (Chrono Boost)  
  148  13:25  Photon Cannon  
  148  13:26  Probe (Chrono Boost)  
  149  13:36  Probe (Chrono Boost)  
  150  13:47  Probe (Chrono Boost)  
  141  13:54  Mothership Core (Chrono Boost)  
Tags
 
Add a new tag
Caveats
  • Supply blocks, unpowered buildings, or Contaminate may cause inaccurate times.
  • Supply counts are checked every 10 seconds.